 Dungeon Crawl Stone Soup version 0.20.1-1-g8b1a95d (webtiles) character file.

91 Ymberti the Covered (level 4, -3/40 HPs)
             Began as a Hill Orc Fighter on Oct 3, 2017.
             Was an Initiate of Beogh.
             Slain by Menkaure (9 damage)
             ... on level 4 of the Dungeon.
             The game lasted 00:05:02 (2562 turns).

Ymberti the Covered (Hill Orc Fighter)              Turns: 2562, Time: 00:05:04

Health: -3/40      AC:  8    Str: 23    XL:     4   Next: 59%
Magic:  4/4        EV:  7    Int:  8    God:    Beogh [......]
Gold:   183        SH:  9    Dex: 11    Spells: 3/3 levels left

rFire    . . .     SeeInvis .   a - +0 long sword
rCold    + . .     Gourm    +   c - +0 shield
rNeg     . . .     Faith    .   b - +0 scale mail
rPois    .         Spirit   .   (no helmet)
rElec    .         Reflect  .   (no cloak)
rCorr    .         Harm     .   r - +0 pair of gloves
MR       .....                  (no boots)
Stlth    ..........             e - amulet of the gourmand
Regen    0.2/turn               p - ring of protection from cold
MPRegen  0.1/turn               (no ring)

@: mighty
A: no striking features
a: Renounce Religion


You were on level 4 of the Dungeon.
You worshipped Beogh.
Beogh was noncommittal.
You were not hungry.

You visited 1 branch of the dungeon, and saw 4 of its levels.

You collected 183 gold pieces.

Inventory:

Hand Weapons
 a - a +0 long sword (weapon)
Armour
 b - a +0 scale mail (worn)
 c - a +0 shield (worn)
 r - a +0 pair of gloves (worn)
Jewellery
 e - an amulet of the gourmand (around neck)
 p - a ring of protection from cold (left hand)
Scrolls
 i - 6 scrolls of identify {unknown}
 j - 2 scrolls of teleportation {unknown}
 k - 2 scrolls of remove curse {unknown}
 l - a scroll of enchant weapon {unknown}
 m - a scroll of blinking {unknown}
 u - a scroll of immolation {unknown}
Potions
 g - a potion of flight {unknown}
 h - 3 potions of haste {unknown}
 n - 3 potions of curing {unknown}
 t - a potion of lignification {unknown}
Comestibles
 f - 2 bread rations
 o - 2 fruits
 q - a meat ration
 s - 2 royal jellies


   Skills:
 + Level 4.1 Fighting
 + Level 3.4 Long Blades
 + Level 4.3 Armour
 + Level 0.4 Dodging
 + Level 3.5 Shields


You had 3 spell levels left.
You didn't know any spells.

Dungeon Overview and Level Annotations

Branches:
Dungeon (4/15)
 Temple: D:4-7

Altars:
Fedhas
Nemelex Xobeh
Okawaru
Sif Muna

Annotations:
D:4 Menkaure


Message History

Beogh says: Drown the unbelievers in a sea of blood!
Press ? for a list of commands and other information.
You now have 183 gold pieces (gained 16).
i - 6 scrolls labeled VEZYRISETSOR (gained 1) Menkaure, Prince of Dust comes into view.
Menkaure shouts!
Unknown command.
Menkaure hums in an indecipherable tongue.
Menkaure casts a spell.
Menkaure seems to speed up.
You feel very mighty all of a sudden.
Menkaure calls on the powers of darkness!
Your body is wracked with pain!
You hit Menkaure.
Menkaure is moderately damaged.
Menkaure hits you!
* * * LOW HITPOINT WARNING * * *
Menkaure breathes soot at you. Menkaure hits you!
You die...

#.##........
#.##.##..#####
#........#... #..####..#.#
# #..###.....###
.######............###
..............##.....#
.#.####.(#.#..##.###.#
.#.# ##..#.#..##@#...#..
.#.###........##.M......
.#>...........##........
...###...#....##.#.#....
...#..........##.#.#.....
...#...............#.....M
...#.........###........
........................
##.####.#.....#........#


You could see Menkaure.

Vanquished Creatures
  3 adders
  An ooze (D:4)
  2 worms
  2 dart slugs
  A leopard gecko (D:2)
  An orc (D:3)
  A ball python (D:3)
  A giant cockroach (D:3)
  4 goblins
  5 hobgoblins (D:1)
  4 jackals (D:2)
  3 kobolds (D:1)
  A quokka (D:4)
  8 bats
  5 frilled lizards
  11 rats
53 creatures vanquished.

Vanquished Creatures (others)
  A rat (D:3)
1 creature vanquished.

Grand Total: 54 creatures vanquished

Notes
Turn   | Place    | Note
-------+----------+-------------------------------------------
     0 | D:1      | Ymberti the Hill Orc Fighter began the quest for the Orb.
     0 | D:1      | Reached XP level 1. HP: 19/19 MP: 1/1
   111 | D:1      | Reached XP level 2. HP: 24/27 MP: 2/2
   678 | D:1      | Reached XP level 3. HP: 33/33 MP: 3/3
  1533 | D:2      | Found an iron altar of Okawaru.
  1549 | D:2      | Reached XP level 4. HP: 30/40 MP: 4/4
  2066 | D:3      | Became a worshipper of Beogh the Brigand
  2111 | D:3      | Found a deep blue altar of Sif Muna.
  2118 | D:3      | Found a blossoming altar of Fedhas.
  2161 | D:3      | Found a sparkling altar of Nemelex Xobeh.
  2550 | D:4      | Noticed Menkaure
  2562 | D:4      | Slain by Menkaure

Skill      XL: |  1  2  3 |
---------------+----------+-----
Armour         | 4 |  4.3
Fighting       | 4 |  4.1
Long Blades    | 3 |  3.4
Dodging        | |  0.4
Shields        | |  3.5

Action                   |  1- 3 |  4- 6 || total
-------------------------+-------+-------++-------
Melee: Long sword        |   111 |    47 ||   158
Invok: Convert to Beogh  |       |     1 ||     1
  Use: Potion            |       |     1 ||     1
  Eat: Bread ration      |     1 |     1 ||     2
Armor: Scale mail        |    48 |    21 ||    69
Dodge: Dodged            |    33 |    13 ||    46
Block: Shield            |    47 |    19 ||    66
       Rpst.: Long sword |    14 |     5 ||    19
